 Dungeon Sprint DCSS version 0.20.1-1-g8b1a95d (console) character file.

10900000 hilaritas the Axe Maniac (level 27, -4/273 HPs)
             Began as a Centaur Gladiator on Feb 23, 2018.
             Was the Champion of Makhleb.
             Killed by the air
             ... invoked by a tyrant
              (19 damage)
             ... in the Dungeon (Sprint VIII: "Arena of Blood").
             The game lasted 00:05:11 (109 turns).

hilaritas the Axe Maniac (Centaur Gladiator)         Turns: 109, Time: 00:05:12

Health: -4/273     AC: 10    Str: 27    XL:     27
Magic:  38/54      EV: 27    Int:  7    God:    Makhleb [******]
Gold:   0          SH:  0    Dex: 14    Spells: 80/80 levels left

rFire    + . .     SeeInvis +   l - +∞ Axe of Woe
rCold    . . .     Gourm    .   (shield currently unavailable)
rNeg     . . .     Faith    .   b - +0 leather armour
rPois    .         Spirit   .   c - +0 helmet
rElec    .         Reflect  .   (no cloak)
rCorr    .         Harm     .   (no gloves)
MR       ++...     NoTele   +   (no barding)
Stlth    +++++++++.             (no amulet)
Regen    0.6/turn               m - ring of protection from fire
MPRegen  0.4/turn               n - ring of see invisible

@: very quick
A: hooves 3, deformed body, speed 2, tough skin 3
a: Minor Destruction, Lesser Servant of Makhleb, Major Destruction, Greater
Servant of Makhleb, Renounce Religion


You were in the Dungeon.
You worshipped Makhleb.
Makhleb was exalted by your worship.
You were not hungry.

You visited 1 branch

Inventory:

Hand Weapons
 a - a +0 war axe
 l - the +∞ Axe of Woe (weapon)
   (You found it in the Dungeon)
Missiles
 d - 3 throwing nets (quivered)
Armour
 b - a +0 leather armour (worn)
 c - a +0 helmet (worn)
Jewellery
 m - a ring of protection from fire (left hand)
 n - a ring of see invisible (right hand)
Scrolls
 k - a scroll of blinking
Potions
 e - a potion of curing
 g - a potion of heal wounds
 h - a potion of haste
 i - 2 potions of magic
 j - a potion of berserk rage
Comestibles
 f - a bread ration


   Skills:
 O Level 27 Fighting
 O Level 27 Axes
 O Level 27 Throwing
 O Level 27 Armour
 O Level 27 Dodging
 O Level 27 Stealth
 O Level 27 Unarmed Combat
 O Level 27 Spellcasting
 O Level 27 Invocations


You had 80 spell levels left.
You didn't know any spells.

Dungeon Overview and Level Annotations

Branches:
Dungeon (1/1)

Altars:
Makhleb

Annotations:
D The Defiler


Innate Abilities, Weirdness & Mutations

You have hooves in place of feet.
Armour fits poorly on your strangely shaped body.
You cover ground very quickly.
You have extremely tough skin. (AC +3)


Message History

You pulverise the nine-headed meat hydra into a thin bloody mist.
You kill the nine-headed meat hydra!
Makhleb accepts your kill.
The tyrant gestures wildly while chanting.
You hear a shout!
A bag of meat comes into view. It is wielding a +9 war axe.
You hear a shout!
The observer gazes at you. The bolt of fire misses you.
You hear a shout!
The eight-headed meat hydra calls on the powers of darkness!
The eight-headed meat hydra convulses!
The meat berserker convulses! x2
The Defiler convulses!
The meat berserker convulses!
Your body is wracked with pain!
* * * LOW HITPOINT WARNING * * *
The bag of meat convulses!
The observer convulses!
The bag of meat convulses!
The bag of meat shouts!
The tyrant waves its bony arms in wide circles.
The air twists around and strikes you!
You die...

#################
####....).W.X......####
#....@.@).L.W.........##
.......†##)##)#####.%...
.....D..O..o).)W§§......
.####.....##o##§X)......
..O.O......ozX§.)x...
XL.o......#.#X§o)§§)#.
#.2..G.......G.§..)#)##
o#X...............§%))§
.............o.XX
.....%........§ ..
.............§


You could see a meat beast, 2 tyrants, an eight-headed meat hydra, an observer
(invisible), 2 large abominations, The Defiler, a wretched soul (invisible), a
dread, 3 meat berserkers and 2 bags of meat.

Vanquished Creatures
  3 hell beasts (D)
  A great orb of eyes (D)
  2 wraiths (D)
  6 vampire knights (D)
  25 ogres (D)
  6 two-headed ogres (D)
  2 liches (D)
  2 hydras (D)
  73 orcs (D)
  3 phantoms (D)
  3 skeletal warriors (D)
  2 small abominations (D)
  7 crawling corpses (D)
135 creatures vanquished.

Vanquished Creatures (collateral kills)
  A large abomination (D)
1 creature vanquished.

Vanquished Creatures (others)
  3 orcs (D)
  A small abomination (D)
  9 crawling corpses (D)
13 creatures vanquished.

Grand Total: 149 creatures vanquished

Notes
Turn   | Place    | Note
-------+----------+-------------------------------------------
     0 | D        | hilaritas the Centaur Gladiator began the quest for the Orb.
     0 | D        | Reached XP level 1. HP: 17/17 MP: 1/1
     3 | D        | Noticed a bag of meat
     3 | D        | Noticed a bag of meat
     4 | D        | Became a worshipper of Makhleb the Destroyer
     5 | D        | Noticed a bag of meat
     5 | D        | Killed a bag of meat
     5 | D        | Reached XP level 2. HP: 24/24 MP: 2/2
     5 | D        | Reached XP level 3. HP: 29/29 MP: 3/3
     5 | D        | Reached XP level 4. HP: 36/36 MP: 4/4
     5 | D        | Reached XP level 5. HP: 41/41 MP: 5/5
     5 | D        | Reached XP level 6. HP: 48/48 MP: 6/6
     5 | D        | Reached XP level 7. HP: 55/55 MP: 7/7
     5 | D        | Reached XP level 8. HP: 61/61 MP: 8/8
     5 | D        | Reached XP level 9. HP: 67/67 MP: 9/9
     5 | D        | Reached XP level 10. HP: 73/73 MP: 10/10
     5 | D        | Reached XP level 11. HP: 79/79 MP: 11/11
     6 | D        | Noticed a bag of meat
     6 | D        | Noticed a bag of meat
     6 | D        | Noticed a bag of meat
     6 | D        | Noticed a bag of meat
     6 | D        | Noticed a meat berserker
     7 | D        | Noticed a meat berserker
     7 | D        | Noticed a meat berserker
     7 | D        | Noticed a meat berserker
     8 | D        | Noticed a meat berserker
     8 | D        | Noticed a bag of meat
     8 | D        | Noticed a meat berserker
     9 | D        | Killed a meat berserker
     9 | D        | Reached * piety under Makhleb
     9 | D        | Reached skill level 27 in Axes
     9 | D        | Reached XP level 12. HP: 124/124 MP: 12/12
     9 | D        | Reached XP level 13. HP: 130/130 MP: 13/13
    10 | D        | Killed a meat berserker
    10 | D        | Reached XP level 14. HP: 160/160 MP: 14/14
    10 | D        | Killed a bag of meat
    10 | D        | Reached XP level 15. HP: 173/173 MP: 15/15
    11 | D        | Killed a meat berserker
    11 | D        | Reached ** piety under Makhleb
    11 | D        | Reached skill level 27 in Fighting
    11 | D        | Reached skill level 15 in Dodging
    11 | D        | Reached XP level 16. HP: 183/183 MP: 16/16
    13 | D        | Killed a meat berserker
    13 | D        | Killed a meat berserker
    13 | D        | Reached *** piety under Makhleb
    13 | D        | Reached XP level 17. HP: 191/191 MP: 17/17
    14 | D        | Noticed a meat berserker
    15 | D        | Killed a meat berserker
    15 | D        | Reached skill level 27 in Dodging
    15 | D        | Killed a meat berserker
    15 | D        | Reached XP level 18. HP: 200/200 MP: 17/31
    15 | D        | Reached **** piety under Makhleb
    15 | D        | Reached skill level 15 in Armour
    17 | D        | Noticed a meat berserker
    18 | D        | Noticed a meat berserker
    20 | D        | Noticed a meat berserker
    20 | D        | Noticed a destroyer
    23 | D        | Noticed a meat berserker
    23 | D        | Killed a meat berserker
    23 | D        | Reached XP level 19. HP: 207/207 MP: 18/36
    23 | D        | Reached skill level 27 in Invocations
    24 | D        | Noticed a large bag of meat
    24 | D        | Killed a destroyer
    24 | D        | Reached ***** piety under Makhleb
    24 | D        | Killed a meat berserker
    24 | D        | Reached skill level 27 in Armour
    24 | D        | Reached XP level 20. HP: 216/216 MP: 18/37
    26 | D        | Killed a meat berserker
    28 | D        | Reached XP level 21. HP: 224/224 MP: 19/38
    28 | D        | Reached ****** piety under Makhleb
    28 | D        | Reached skill level 27 in Stealth
    29 | D        | Noticed a destroyer
    31 | D        | HP: 17/224 [destroyer/+9 great sword of slicing (194)]
    32 | D        | Killed a destroyer
    32 | D        | Reached skill level 27 in Throwing
    32 | D        | Reached XP level 22. HP: 83/233 MP: 19/39
    32 | D        | Reached skill level 10 in Unarmed Combat
    34 | D        | Reached skill level 15 in Spellcasting
    34 | D        | Reached XP level 23. HP: 240/240 MP: 20/44
    35 | D        | Noticed a destroyer
    36 | D        | Killed a large bag of meat
    38 | D        | Noticed a destroyer
    38 | D        | Reached skill level 27 in Unarmed Combat
    40 | D        | Killed a destroyer
    40 | D        | Reached skill level 27 in Spellcasting
    40 | D        | Reached XP level 24. HP: 249/249 MP: 21/54
    42 | D        | Noticed a destroyer
    42 | D        | Killed a destroyer
    42 | D        | Noticed a destroyer
    44 | D        | Reached XP level 25. HP: 170/257 MP: 22/54
    48 | D        | Reached XP level 26. HP: 253/266 MP: 23/54
    48 | D        | Killed a destroyer
    50 | D        | Reached XP level 27. HP: 273/273 MP: 23/54
    55 | D        | Killed a destroyer
    57 | D        | Noticed a large bag of meat
    60 | D        | Noticed a tyrant
    62 | D        | Noticed a large bag of meat
    63 | D        | Killed a large bag of meat
    65 | D        | Noticed a large bag of meat
    65 | D        | Noticed a dread
    66 | D        | Noticed a dread
    67 | D        | Killed a dread
    69 | D        | Noticed a tyrant
    71 | D        | Noticed a tyrant
    71 | D        | Killed a large bag of meat
    72 | D        | Noticed a dread
    73 | D        | Noticed a large bag of meat
    73 | D        | Killed a large bag of meat
    75 | D        | Killed a dread
    78 | D        | Killed a tyrant
    82 | D        | Noticed a large bag of meat
    82 | D        | Killed a large bag of meat
    83 | D        | Killed a tyrant
    89 | D        | Noticed a meat beast
    89 | D        | Killed a large bag of meat
    90 | D        | Noticed a meat beast
    93 | D        | Killed a meat beast
    97 | D        | Killed a meat beast
    98 | D        | Noticed a meat beast
   103 | D        | Noticed The Defiler
   104 | D        | Noticed a tyrant
   105 | D        | Killed a meat beast
   107 | D        | HP: 26/273 [??? (24)]
   108 | D        | Noticed a meat beast
   109 | D        | Killed from afar by a tyrant

Skill      XL: |  1  2  3  4  5  6  7  8  9 10 11 12 13 14 15 16 17 18 19 20 21 22 23 |
---------------+----------------------------------------------------------------------+-----
Axes           | 24 27 | 27.0
Fighting       | 16 24 26 27 | 27.0
Dodging        | 18 25 27 | 27.0
Armour         | 13 19 27 | 27.0
Invocations    | 19 26 27 | 27.0
Stealth        | 12 23 27 | 27.0
Throwing       | 27 | 27.0
Unarmed Combat | 21 27 | 27.0
Spellcasting   | 17 27 | 27.0

Action                   |  1- 3 |  4- 6 |  7- 9 | 10-12 | 13-15 | 16-18 | 19-21 | 22-24 | 25-27 || total
-------------------------+-------+-------+-------+-------+-------+-------+-------+-------+-------++-------
Melee: Executioner's axe |     1 |       |       |     1 |     2 |     3 |     5 |     6 |    32 ||    50
Invok: Greater Servant o |       |       |       |       |       |       |       |       |     3 ||     3
 Stab: Distracted        |       |       |       |       |       |       |       |       |     1 ||     1
Armor: Leather armour    |       |       |       |       |       |       |     1 |       |     1 ||     2
Dodge: Dodged            |       |       |       |       |       |     2 |       |       |    15 ||    17
